 Dungeon Crawl Stone Soup version 0.30-a0-723-gc1506a1cf0 (webtiles) character file.

Game seed: 3216673600540168637

3126 Darkkill the Skirmisher (level 9, -2/82 HPs)
             Began as a Minotaur Hunter on Jan 28, 2023.
             Was an Initiate of Gozag.
             Slain by a hornet (8 damage)
             ... while paralysed by a hornet
             ... on level 7 of the Dungeon.
             The game lasted 00:09:17 (7112 turns).

Darkkill the Skirmisher (Minotaur Hunter)           Turns: 7112, Time: 00:09:17

Health: -2/82      AC:  9    Str: 21    XL:     9   Next: 61%
Magic:  8/8        EV:  2    Int:  6    God:    Gozag
Gold:   753        SH:  0    Dex: 19    Spells: 8/8 levels left

rFire   . . .      SeeInvis .    u - +0 arbalest
rCold   . . .      Faith    .    (shield currently unavailable)
rNeg    . . .      Spirit   .    c - +1 leather armour
rPois   .          Reflect  .    (helmet restricted)
rElec   .          Harm     .    v - +0 cloak
rCorr   .          Rampage  .    h - +1 pair of gloves
Will    .....                    q - +1 pair of boots
Stlth   +++                      (no amulet)
HPRegen 0.33/turn                e - +6 ring of strength
MPRegen 0.11/turn                (no ring)

@: paralysed, lethally poisoned (-2 -> -11), about to teleport, slowed
A: horns 2, retaliatory headbutt
a: Renounce Religion, Potion Petition, Call Merchant, Bribe Branch


You were on level 7 of the Dungeon.
You worshipped Gozag.
Gozag was pleased with you.
You visited 2 branches of the dungeon, and saw 8 of its levels.

You collected 839 gold pieces.
You paid 86 gold pieces to Gozag.

Inventory:

Hand Weapons
 b - a +0 lajatang of draining
 u - a +0 arbalest (weapon)
Missiles
 a - 2 atropa-tipped darts
 i - 67 stones
 j - 11 poisoned darts
 s - 8 boomerangs
 t - 16 boomerangs of dispersal {=f !f}
Armour
 c - a +1 leather armour (worn)
 h - a +1 pair of gloves (worn)
 q - a +1 pair of boots (worn)
 v - a +0 cloak (worn)
Jewellery
 e - a +6 ring of strength (left hand)
Wands
 m - a wand of acid (1)
Scrolls
 f - a scroll of amnesia
 p - 6 scrolls of teleportation
 r - 3 scrolls of immolation
 w - 3 scrolls of identify {@r1}
Potions
 d - 5 potions of attraction
 g - a potion of flight
 k - a potion of resistance
 l - a potion of haste
 n - 2 potions of lignification
 o - 2 potions of mutation


   Skills:
 + Level 8.4 Fighting
 + Level 8.6 Ranged Weapons
 + Level 7.7 Dodging
 + Level 6.1 Stealth


You had 8 spell levels left.
You didn't know any spells.
Your spell library was empty.

Dungeon Overview and Level Annotations

Branches:
Dungeon (7/15)             Temple (1/1) D:5

Altars:
Ashenzari
Cheibriados
Dithmenos
Elyvilon
Fedhas
Gozag
Hepliaklqana
Kikubaaqudgha
Okawaru
Xom

Shops:
D:1 [

Annotations:
D:4 2 transporters, ASSMAN's ghost, novice DsCA


Innate Abilities, Weirdness & Mutations

You have a pair of horns on your head.
You reflexively headbutt those who attack you in melee.


Message History

The gnoll is almost dead.
The gnoll closely misses you.
The gnoll hits you from afar with a +0 halberd.
You shoot a bolt. The bolt completely misses the gnoll.
The gnoll hits you but does no damage.
The howler monkey hoots and howls with incredible vigour!
The gnoll closely misses you. The gnoll misses you.
You shoot a bolt. The bolt barely misses the gnoll.
The gnoll completely misses you. The gnoll barely misses you.
The gnoll closely misses you. You furiously retaliate!
You headbutt the gnoll!
You kill the gnoll!
You shoot a bolt. The bolt hits the gnoll!!
You kill the gnoll!
The howler monkey closely misses you.
You shoot a bolt. The bolt hits the howler monkey!
The howler monkey is severely wounded.
The howler monkey hits you.
The howler monkey hoots and howls with incredible vigour!
You hear a shout!
You shoot a bolt.
The bolt closely misses the howler monkey.
The howler monkey hits you but does no damage.
The howler monkey barely misses you. You furiously retaliate!
You headbutt the howler monkey. You shoot a bolt.
The bolt barely misses the howler monkey.
The howler monkey hits you.
You shoot a bolt. The bolt hits the howler monkey!
You kill the howler monkey!
You now have 724 gold pieces (gained 11).
Things that are here:
a +0 flail; a +0 whip; a +0 leather armour of poison resistance You now have 729 gold pieces (gained 5).
You now have 747 gold pieces (gained 18).
You see here a +0 halberd.
You now have 753 gold pieces (gained 6).
You see here a +0 club.
Found a long sword.
No target in view!
A hornet is nearby!
You shoot a bolt. The bolt completely misses the hornet.
The hornet buzzes angrily.
A hornet is nearby!
You shoot a bolt. The bolt closely misses the hornet.
A hornet is nearby!
You shoot a bolt. The bolt completely misses the hornet.
The hornet stings you.
You feel yourself slow down. The hornet closely misses you.
You shoot a bolt. The bolt hits the hornet.
The hornet is lightly wounded.
You feel yourself speed up. The hornet stings you.
You feel yourself slow down. The hornet stings you.
You suddenly lose the ability to move!
The hornet stings you!
You feel as though you will be slow longer.
The hornet stings you!
You feel as though you will be slow longer.
You can move again.
You shoot a bolt. The bolt barely misses the hornet.
The hornet completely misses you. The hornet closely misses you.
The hornet barely misses you. The hornet completely misses you.
You furiously retaliate!
You headbutt the hornet. You shoot a bolt.
The bolt hits the hornet but does no damage.
The hornet is lightly wounded.
You feel yourself speed up. The hornet closely misses you.
The hornet stings you.
You feel yourself slow down.
The hornet stings you but does no damage.
Aiming: Corrosive Bolt
Press: ? - help, Q - select action, (/) - cycle Shift-Dir - straight line, f/p - hornet
Aim: a hornet (lightly wounded, 57% to hit)
The bolt of acid misses the hornet.
The hornet stings you!
You are poisoned.
You suddenly lose the ability to move!
The hornet stings you.
You feel as though you will be slow longer.
The hornet stings you.
You feel as though you will be slow longer.
You feel sick.
The hornet stings you but does no damage.
You feel sick.
The hornet stings you but does no damage.
The hornet stings you!
* * * LOW HITPOINT WARNING * * *
You feel as though you will be slow longer.
You can move again.
As you read the scroll of teleportation, it crumbles to dust.
You feel strangely unstable.
You feel sick. The hornet closely misses you. The hornet misses you.
You feel sick. The hornet stings you.
* * * LOW HITPOINT WARNING * * *
You are lethally poisoned!
You suddenly lose the ability to move!
* * * LOW HITPOINT WARNING * * *
You feel very sick. The hornet stings you!
You die...
Your body crumbles into a pile of gold.

#.....# . #.###h#
###.###.## ...##...#
#.#y#.#.# #.....#.#
### #. #.#.### # ###..
#)# #.##.. ###..#..
#.###@#########....#..
#.##.y.......#?....##.
#.##..#######.......#.
#.##..# #.........#.
#)##..# #.#.......##
#.....# #.<#........
#.##.######.###.......
#.........#.# ###.....
#......##.#.##..###...


You could see a hornet.

Vanquished Creatures
  Pikel (D:5)
  2 steam dragons (D:7)
  Edmund (D:5)
  4 water moccasins
  2 orc warriors (D:7)
  An ice beast (D:6)
  An ogre (D:7)
  A centaur (D:6)
  A phantom (D:5)
  2 kobold brigands (D:7)
  2 bullfrogs (D:7)
  2 scorpions
  3 howler monkeys
  A gnoll bouda (D:7)
  8 orc priests
  3 hounds
  4 iguanas
  2 jellies
  2 orc wizards
  7 gnolls
  14 adders
  3 white imps
  3 ufetubi
  3 worms
  2 dart slugs (D:1)
  29 orcs
  6 ball pythons
  11 endoplasms
  2 giant cockroaches
  7 hobgoblins
  8 jackals
  10 kobolds
  2 quokkas
  6 bats
  4 frilled lizards
  5 goblins
  8 rats
173 creatures vanquished.

Notes
Turn   | Place    | Note
-------+----------+-------------------------------------------
     0 | D:1      | Darkkill the Minotaur Hunter began the quest for the Orb.
     0 | D:1      | Reached XP level 1. HP: 18/18 MP: 0/0
   162 | D:1      | Reached skill level 1 in Stealth
   215 | D:1      | Reached XP level 2. HP: 25/25 MP: 1/1
   578 | D:1      | Found Siaf's Antique Armour Boutique.
   983 | D:2      | Reached XP level 3. HP: 31/31 MP: 2/2
  1535 | D:2      | Reached XP level 4. HP: 35/38 MP: 3/3
  1776 | D:2      | Reached skill level 5 in Ranged Weapons
  2160 | D:3      | Reached XP level 5. HP: 44/46 MP: 4/4
  2945 | D:4      | Found a transporter.
  2955 | D:4      | Noticed ASSMAN's ghost (novice DsCA)
  2956 | D:4      | Found a transporter.
  2956 | D:4      | Identified the +9 great mace of the Secret Orbs {protect,
                  | rPois Int+2 SInv}
  2956 | D:4      | Noticed an ogre
  2957 | D:4      | Noticed an ogre
  2969 | D:4      | Reached XP level 6. HP: 52/52 MP: 5/5
  3429 | D:5      | Entered Level 5 of the Dungeon
  3433 | D:5      | Found a white marble altar of Elyvilon.
  3497 | D:5      | HP: 10/53 [iguana (5)]
  3631 | D:5      | Reached skill level 5 in Fighting
  3631 | D:5      | Reached XP level 7. HP: 36/61 MP: 6/6
  3865 | D:5      | Found a staircase to the Ecumenical Temple.
  3926 | Temple   | Entered the Ecumenical Temple
  4027 | Temple   | Became a worshipper of Gozag Ym Sagoz the Greedy
  4052 | D:5      | Found an iron altar of Okawaru.
  4100 | D:5      | Reached skill level 5 in Dodging
  4558 | D:5      | Noticed Edmund
  4569 | D:5      | Killed Edmund
  4570 | D:5      | Reached XP level 8. HP: 68/70 MP: 7/7
  4815 | D:5      | Noticed Pikel
  4827 | D:5      | Killed Pikel
  5094 | D:6      | Reached skill level 5 in Stealth
  5515 | D:6      | Found a shimmering altar of Xom.
  5608 | D:6      | Reached XP level 9. HP: 47/79 MP: 8/8
  6567 | D:7      | HP: 16/81 [orc/+0 trident (8)]
  6567 | D:7      | Paralysed by a hornet for 2 turns
  6797 | D:7      | Found a snail-covered altar of Cheibriados.
  7103 | D:7      | Paralysed by a hornet for 3 turns
  7107 | D:7      | Paralysed by a hornet for 3 turns
  7109 | D:7      | HP: 12/82 [hornet (11)]
  7111 | D:7      | Paralysed by a hornet for 2 turns
  7112 | D:7      | Slain by a hornet

Illustrated notes

Levels and vault maps discovered:
D:1:      amcnicky_arrival_double_pillar, layout_basic, serial_shops,
          nicolae_shop_statue_plus, minmay_domino_2
D:2:      layout_basic, hangedman_decor_clover_reticule
D:3:      layout_loops_corners
D:4:      layout_basic, gammafunk_ghost_smash
D:5:      layout_loops_ring, mainiacjoe_overflow_catwalk_spiral,
          minmay_temple_entry_slanted, nicolae_half_adder, uniq_pikel,
          uniq_edmund
D:6:      layout_cave_pods, mainiacjoe_overflow_24_doors
D:7:      kennysheep_spiral_hall, layout_loops_ring, old_standard_altar,
          serial_shops, shop, minmay_unpleasant_kobolds
Temple:   eino_wide_crystal_templ

Skill      XL: |  1  2  3  4  5  6  7  8  9 |
---------------+----------------------------+-----
Stealth        | 1 2 3 4 5 6 |  6.1
Fighting       | 3 4 5 6 7 8 |  8.4
Dodging        | 3 4 5 6 7 |  7.7
Ranged Weapons | 5 6 7 8 |  8.6

Action                     |  1- 3 |  4- 6 |  7- 9 || total
---------------------------+-------+-------+-------++-------
  Melee: Shortbow          |       |       |     1 ||     1
   Fire: Shortbow          |   109 |   188 |   205 ||   502
         Arbalest          |       |       |    65 ||    65
  Evoke: Wand              |       |       |     9 ||     9
    Use: Scroll            |     3 |    10 |    12 ||    25
         Potion            |       |     3 |     4 ||     7
 Armour: Leather armour    |    14 |    43 |    65 ||   122
  Dodge: Dodged            |    35 |    90 |   169 ||   294

Table legend: (Time is in decaauts)
 A = Elapsed time spent in this place.
 B = Non-inter-level travel time spent in this place.
 C = Inter-level travel time spent in this place.
 D = Time resting spent in this place.
 E = Time spent auto-exploring this place.
 F = Levels seen in this place.
 G = Mean time per level.
                   A        B        C        D        E       F      G
               +--------+--------+--------+--------+--------+-----+--------+
         Total |   7265 |   7075 |    190 |    207 |   5736 |   8 |  908.1 |
       Dungeon |   7155 |   6977 |    178 |    207 |   5642 |   7 | 1022.1 |
        Temple |    110 |     98 |     12 |      0 |     94 |   1 |  110.0 |
               +--------+--------+--------+--------+--------+-----+--------+

Top non-repeatable levels by time:
     D:5: 1567 daAuts
     D:6: 1076 daAuts
     D:7: 1017 daAuts
     D:2: 993 daAuts
     D:1: 993 daAuts
     D:3: 922 daAuts
     D:4: 585 daAuts
  Temple: 110 daAuts

Table legend:
 A = Kills in this place as a percentage of kills in entire the game.
 B = Kills by you in this place as a percentage of kills by you in the entire game.
 C = Kills by friends in this place as a percentage of kills by friends in the entire game.
 D = Other kills in this place as a percentage of other kills in the entire game.
 E = Experience gained in this place as a percentage of experience gained in the entire game.
 F = Experience gained in this place divided by the number of levels of this place that you have seen.
                   A       B       C       D       E      F
               +-------+-------+-------+-------+-------+----------------------
         Total | 100.0 | 100.0 |   N/A |   N/A | 100.0 | 558.2
       Dungeon | 100.0 | 100.0 |   N/A |   N/A | 100.0 | 638.0
               +-------+-------+-------+-------+-------+----------------------
